 Dungeon Crawl Stone Soup version 0.28-a0-475-g7dc2aef8ca (webtiles) character file.

Game seed: 5682093865145266747

2422 Dabor the Agent of Entropy (level 9, -5/71 HPs)
             Began as a Formicid Abyssal Knight on Sept 16, 2021.
             Was a Priest of Lugonu.
             Slain by a two-headed ogre (9 damage)
             ... on level 8 of the Dungeon.
             The game lasted 00:16:24 (9589 turns).

Dabor the Agent of Entropy (FoAK)                   Turns: 9589, Time: 00:16:25

Health: -5/71      AC: 24    Str: 23    XL:     9   Next: 76%
Magic:  14/14      EV:  8    Int: 12    God:    Lugonu [***...]
Gold:   945        SH:  0    Dex: 10    Spells: 8/8 levels left

rFire   . . .      SeeInvis +   v - +3 flail of Putrescence {pain, rElec Str+3}
rCold   . . .      Faith    .   (no shield)
rNeg    . . .      Spirit   .   k - +0 plate armour
rPois   .          Reflect  .   (helmet unavailable)
rElec   +          Harm     .   i - +0 cloak
rCorr   .          Rampage  .   (no gloves)
Will    .....                   s - +1 pair of boots
Stlth   ..........              (no amulet)
HPRegen 0.00/turn               p - +4 ring of protection
MPRegen 0.14/turn               c - +4 ring of protection

@: inhibited regen
A: permanent stasis, dig shafts and tunnels, antennae 3, four strong arms,
inhibited regeneration
a: Dig, Shaft Self, Renounce Religion, Depart the Abyss, Bend Space, Banish


You were on level 8 of the Dungeon.
You worshipped Lugonu.
Lugonu was most pleased with you.
You visited 1 branch of the dungeon, and saw 8 of its levels.
You visited the Abyss 1 time.

You collected 1305 gold pieces.
You spent 360 gold pieces at shops.

Inventory:

Hand Weapons
 a - a +1 spear
 d - a +4 quarterstaff of chaos
 v - the +3 flail of Putrescence (weapon) {pain, rElec Str+3}
   (You found it on level 6 of the Dungeon)

   In the hands of one skilled in necromantic magic, it inflicts extra damage on
   living creatures.
   Str:       It affects your strength (+3).
   rElec:     It insulates you from electricity.
Missiles
 o - 2 throwing nets
 u - 3 boomerangs
 C - 6 poisoned darts
Armour
 b - a +0 leather armour
 i - a +0 cloak (worn)
 k - a +0 plate armour (worn)
 s - a +1 pair of boots (worn)
Jewellery
 c - a +4 ring of protection (right hand)
 f - a ring of flight
 p - a +4 ring of protection (left hand)
 w - a ring of protection from cold
 B - a ring of fire
Wands
 j - a wand of flame (15)
 r - a wand of acid (5)
Scrolls
 q - 4 scrolls of identify
 x - a scroll of magic mapping {unknown}
 y - a scroll of noise {unknown}
 A - a scroll of enchant armour
Potions
 e - a potion of heal wounds {unknown}
 g - 3 potions of attraction {unknown}
 h - 2 potions of lignification
 l - a potion of cancellation {unknown}
 m - 3 potions of curing
 n - 3 potions of brilliance {unknown}
 t - a potion of degeneration {unknown}
 z - a potion of mutation {unknown}


   Skills:
 + Level 6.9 Fighting
 + Level 5.8 Polearms
 + Level 6.4 Armour
 + Level 5.1 Dodging
 + Level 6.9 Invocations


You had 8 spell levels left.
You didn't know any spells.
Your spell library contained the following spells:

 Spells                   Type           Power      Damage    Failure   Level
 Gell's Gravitas          Tloc           0%         N/A       100%        3
 Teleport Other           Tloc           0%         N/A       100%        3
 Dispersal                Tloc           0%         N/A       100%        6


Dungeon Overview and Level Annotations

Branches:
Dungeon (8/15)             Temple (0/1) D:4
   Lair: D:8-11

Altars:
Ashenzari
Cheibriados
Gozag
Kikubaaqudgha
The Shining One

Shops:
D:2 =


Innate Abilities, Weirdness & Mutations

You cannot be hasted, slowed, berserked, paralysed or teleported.
You can dig through walls and to a lower floor.
You have a pair of large antennae on your head. (SInv)
Your four strong arms can wield two-handed weapons with a shield.
You do not regenerate when monsters are visible.


Message History

The two-headed ogre is heavily wounded.
The two-headed ogre hits you with a +0 giant club!
The two-headed ogre closely misses you.
You sock the two-headed ogre!
The two-headed ogre is severely wounded.
The two-headed ogre hits you with a +0 giant club!!
The two-headed ogre hits you with a +0 giant club.
* * * LOW HITPOINT WARNING * * *
There is a stone staircase leading down here.
Aiming: Corrosive Bolt
Press: ? - help, Shift-Dir - straight line, f - two-headed ogre
Aim: a two-headed ogre, wielding two +0 giant clubs (heavily wounded, 86% to hit)
The bolt of acid misses the two-headed ogre.
You feel better.
The two-headed ogre hits you with a +0 giant club.
* * * LOW HITPOINT WARNING * * *
The two-headed ogre hits you but does no damage.
You barely miss the two-headed ogre.
The two-headed ogre is heavily wounded.
The two-headed ogre hits you but does no damage. x2
You hit the two-headed ogre.
The two-headed ogre is heavily wounded.
The two-headed ogre hits you with a +0 giant club.
* * * LOW HITPOINT WARNING * * *
The two-headed ogre barely misses you.
Aiming: Throw Flame
Press: ? - help, Shift-Dir - straight line, f/p - two-headed ogre
Aim: a two-headed ogre, wielding two +0 giant clubs (heavily wounded, 85% to hit)
The puff of flame hits the two-headed ogre!
The two-headed ogre is severely wounded.
The two-headed ogre hits you with a +0 giant club!
* * * LOW HITPOINT WARNING * * *
The two-headed ogre hits you with a +0 giant club.
* * * LOW HITPOINT WARNING * * *
Aiming: Throw Flame
Press: ? - help, Shift-Dir - straight line, f/p - two-headed ogre
Aim: a two-headed ogre, wielding two +0 giant clubs (severely wounded, 85% to hit)
The puff of flame misses the two-headed ogre.
The two-headed ogre hits you with a +0 giant club!
You die...

....#.##
#.#
....#.#
#.#
....#.?
#.# #.#
#.# #.#
#.# #O#
#@#####
#.....#
#####.#
#...#
#.###
####.#
#....#
#.#######
#.#....<#


You could see a two-headed ogre.

Vanquished Creatures
  A shining eye (shapeshifter) (D:5)
  Prince Ribbit (D:5)
  Sigmund (D:2)
  Menkaure (D:6)
  A sky beast (D:6)
  2 ogres
  A necrophage (D:6)
  A kobold brigand (D:7)
  A bullfrog (D:7)
  A water moccasin zombie (D:5)
  4 scorpions
  2 jellies (D:6)
  4 hounds
  Crazy Yiuf (D:2)
  A centaur zombie (D:7)
  A bullfrog skeleton (D:5)
  2 orc priests
  2 gnoll shamans
  A scorpion zombie (D:5)
  Natasha (D:1)
  3 orc wizards
  A killer bee zombie (D:6)
  8 gnolls
  6 adders
  2 white imps
  An ufetubus (D:5)
  A worm (D:2)
  2 dart slugs (D:2)
  16 orcs
  7 endoplasms
  4 giant cockroaches
  11 goblins
  6 hobgoblins
  3 jackals (D:3)
  4 quokkas
  8 ball pythons
  6 bats
  2 frilled lizards (D:1)
  10 kobolds
  3 rats
134 creatures vanquished.

Vanquished Creatures (others)
  An orc wizard (D:6)
1 creature vanquished.

Grand Total: 135 creatures vanquished

Notes
Turn   | Place    | Note
-------+----------+-------------------------------------------
     0 | Abyss:1  | Dabor the Formicid Abyssal Knight began the quest for the
                  | Orb.
     0 | Abyss:1  | Reached XP level 1. HP: 18/18 MP: 2/2
    93 | Abyss:1  | Noticed a smoke demon
    93 | Abyss:1  | Noticed an orange demon
    96 | D:1      | Escaped the Abyss
   156 | D:1      | Reached skill level 1 in Dodging
   220 | D:1      | Reached XP level 2. HP: 14/24 MP: 3/3
   291 | D:1      | Reached * piety under Lugonu
   821 | D:1      | Reached XP level 3. HP: 29/29 MP: 4/4
  1146 | D:1      | Found a faded altar of an unknown god.
  1645 | D:2      | Reached XP level 4. HP: 33/37 MP: 6/6
  1825 | D:2      | Found Suklyoga's Jewellery Emporium.
  1966 | D:2      | Noticed Sigmund
  1967 | D:2      | Noticed Natasha
  2223 | D:1      | Killed Natasha
  2344 | D:2      | Identified a scroll of acquirement
  2344 | D:2      | Acquired 965 gold pieces
  2412 | D:2      | Bought a +4 ring of protection for 360 gold pieces
  2851 | D:2      | Killed Sigmund
  2852 | D:2      | Reached XP level 5. HP: 29/42 MP: 7/7
  2852 | D:2      | Reached XP level 6. HP: 34/48 MP: 8/8
  2965 | D:2      | Found a runed translucent door.
  2966 | D:2      | Noticed Crazy Yiuf
  2982 | D:2      | Killed Crazy Yiuf
  3483 | D:3      | Reached ** piety under Lugonu
  4221 | D:4      | Reached XP level 7. HP: 50/55 MP: 8/10
  4844 | D:4      | Found a staircase to the Ecumenical Temple.
  5272 | D:4      | Reached skill level 5 in Fighting
  5418 | D:4      | Reached XP level 8. HP: 45/62 MP: 11/11
  5795 | D:5      | Entered Level 5 of the Dungeon
  5842 | D:5      | Noticed a glowing shapeshifter
  5842 | D:5      | a sky beast changed into a glowing shapeshifter
  5842 | D:5      | Noticed a death drake
  5842 | D:5      | a glowing shapeshifter changed into a death drake
  5843 | D:5      | Noticed a deep troll
  5843 | D:5      | a death drake changed into a deep troll
  5845 | D:5      | Noticed a torpor snail
  5845 | D:5      | a deep troll changed into a torpor snail
  5847 | D:5      | a torpor snail changed into a floating eye
  5848 | D:5      | Noticed a glowing orange brain
  5848 | D:5      | a floating eye changed into a glowing orange brain
  5849 | D:5      | Noticed an elephant
  5849 | D:5      | a glowing orange brain changed into an elephant
  5852 | D:5      | Noticed a shining eye
  5852 | D:5      | an elephant changed into a shining eye
  5859 | D:5      | Gained mutation: You do not regenerate when monsters are
                  | visible. [a shining eye]
  5860 | D:5      | Killed a shining eye
  5861 | D:5      | Reached skill level 5 in Armour
  5861 | D:5      | Reached skill level 5 in Invocations
  5872 | D:5      | Noticed Prince Ribbit
  6317 | D:5      | Killed Prince Ribbit
  6318 | D:5      | Reached skill level 5 in Polearms
  6318 | D:5      | Reached XP level 9. HP: 6/69 MP: 13/13
  7495 | D:6      | Noticed Menkaure
  7758 | D:6      | Killed Menkaure
  7899 | D:6      | Found a snail-covered altar of Cheibriados.
  7996 | D:6      | Identified the +3 flail of Putrescence {pain, rElec Str+3}
  8480 | D:7      | Reached skill level 5 in Dodging
  8762 | D:7      | Found a broken altar of Ashenzari.
  8958 | D:7      | Reached *** piety under Lugonu
  9115 | D:7      | Found a glowing golden altar of the Shining One.
  9115 | D:7      | Found an opulent altar of Gozag.
  9115 | D:7      | Found an ancient bone altar of Kikubaaqudgha.
  9539 | D:8      | Noticed a two-headed ogre
  9589 | D:8      | Slain by a two-headed ogre

Illustrated notes

Levels and vault maps discovered:
D:1:      minmay_arrival_split_and_join, layout_loops_ring,
          shapermc_ecumenical_altar_mp_highgroup, minmay_vboxes
D:2:      layout_loops_corners, serial_shops, shop, uniq_natasha, uniq_sigmund,
          uniq_crazy_yiuf_cottage
D:3:      kennysheep_big_flooded_room, layout_loops_ring,
          minmay_fractal_squares_5
D:4:      layout_cave_pods, minmay_temple_entry_statues_fountains
D:5:      layout_cave_pools, uniq_prince_ribbit1
D:6:      layout_rooms, mainiacjoe_overflow_alcove_2, hex_medium, uniq_menkaure
D:7:      layout_loops_cross, mainiacjoe_overflow_boulevard,
          gammafunk_temple_overflow_claw
D:8:      layout_basic, makhleb_grotto_becter

Skill      XL: |  1  2  3  4  5  6  7  8  9 |
---------------+----------------------------+-----
Dodging        | 1 2 3 4 5 |  5.1
Invocations    | 3 4 5 6 |  6.9
Armour         | 3 4 5 6 |  6.4
Fighting       | 4 5 6 |  6.9
Polearms       | 3 4 5 |  5.8

Action                   |  1- 3 |  4- 6 |  7- 9 || total
-------------------------+-------+-------+-------++-------
Melee: Spear             |   125 |    70 |       ||   195
       Quarterstaff      |       |    38 |   210 ||   248
       Flail             |       |       |    77 ||    77
Invok: Depart the Abyss  |     1 |       |       ||     1
       Bend Space        |       |       |     5 ||     5
 Abil: Dig               |       |       |     1 ||     1
Evoke: Wand              |       |       |     3 ||     3
  Use: Scroll            |       |     8 |     4 ||    12
       Potion            |       |     2 |     2 ||     4
 Stab: Paralysed         |       |       |     1 ||     1
Armor: Leather armour    |    23 |       |       ||    23
       Plate armour      |    24 |    67 |   259 ||   350
Dodge: Dodged            |    45 |    22 |   129 ||   196

Table legend: (Time is in decaauts)
 A = Elapsed time spent in this place.
 B = Non-inter-level travel time spent in this place.
 C = Inter-level travel time spent in this place.
 D = Time resting spent in this place.
 E = Time spent auto-exploring this place.
 F = Levels seen in this place.
 G = Mean time per level.
                   A        B        C        D        E       F      G
               +--------+--------+--------+--------+--------+-----+--------+
         Total |   9664 |   9197 |    467 |   1997 |   5682 |   9 | 1073.8 |
       Dungeon |   9568 |   9101 |    467 |   1997 |   5604 |   8 | 1196.0 |
         Abyss |     96 |     96 |      0 |      0 |     78 |   1 |   96.0 |
               +--------+--------+--------+--------+--------+-----+--------+

Top non-repeatable levels by time:
     D:1: 1684 daAuts
     D:2: 1524 daAuts
     D:4: 1319 daAuts
     D:7: 1231 daAuts
     D:3: 1228 daAuts
     D:6: 1215 daAuts
     D:5: 1097 daAuts
     D:8: 266 daAuts
 Abyss:1: 96 daAuts
